 Dungeon Crawl Stone Soup version 0.27-a0-562-g0d39f094a4 (webtiles) character file.

Game seed: 2177654801353864618

21 dolemite99 the Twirler (level 2, -10/22 HPs)
             Began as a Demonspawn Gladiator on Mar 8, 2021.
             Killed by nerve-wracking pain
             ... invoked by a shadow imp
             ... summoned by Natasha
              (12 damage)
             ... on level 2 of the Dungeon.
             The game lasted 00:00:50 (1292 turns).

dolemite99 the Twirler (Demonspawn Gladiator)       Turns: 1292, Time: 00:00:51

Health: -10/22     AC:  5    Str: 14    XL:     2   Next: 62%
Magic:  2/2        EV: 11    Int:  9    God:
Gold:   40         SH:  0    Dex: 14    Spells: 1/1 levels left

rFire    . . .     SeeInvis .   a - +0 quarterstaff
rCold    . . .     Faith    .   (shield currently unavailable)
rNeg     . . .     Spirit   .   o - +0 ring mail
rPois    .         Reflect  .   (helmet restricted)
rElec    .         Harm     .   (no cloak)
rCorr    .         Rampage  .   (no gloves)
Will     .....                  (no boots)
Stlth    +.........             (no amulet)
HPRegen  0.07/turn              (no ring)
MPRegen  0.08/turn              (no ring)

@: slowed, very slow
A: horns 1
a: no special abilities


You were on level 2 of the Dungeon.
You visited 1 branch of the dungeon, and saw 2 of its levels.

You collected 40 gold pieces.

Inventory:

Hand Weapons
 a - a +0 quarterstaff (weapon)
Missiles
 d - 3 throwing nets (quivered)
 e - 82 stones
 f - 27 sling bullets
 m - 6 poisoned darts
Armour
 b - a +0 leather armour
 c - a +0 helmet
 o - a +0 ring mail (worn)
Jewellery
 n - a ring of poison resistance
Scrolls
 g - a scroll of blinking {unknown}
 h - 2 scrolls of enchant armour {unknown}
 k - 3 scrolls of identify {unknown}
 l - a scroll of amnesia {unknown}
Potions
 i - a potion of ambrosia {unknown}
 j - 2 potions of might {unknown}


   Skills:
 - Level 2.0 Fighting
 + Level 3.6 Staves
 - Level 1.7 Throwing
 - Level 2.6 Dodging


You had one spell level left.
You didn't know any spells.
Your spell library was empty.

Dungeon Overview and Level Annotations

Branches:
Dungeon (2/15)

Altars:

Annotations:
D:2 Natasha


Innate Abilities, Weirdness & Mutations

You have a pair of small horns on your head.


Message History

You hit the bat.
The bat is moderately wounded.
The bat closely misses you.
Natasha, Servant of Life and Death comes into view.
Natasha hisses angrily.
The bat misses you. The bat closely misses you. Natasha casts a spell at you.
You feel yourself slow down. The bat hits you. The bat misses you.
Natasha mumbles some strange words.
The bat hits you but does no damage. Natasha closely misses you.
You hit Natasha.
Natasha is moderately wounded.
The bat hits you but does no damage.
Natasha casts a spell.
The shadow imp barely misses you.
You hit Natasha but do no damage.
Natasha is moderately wounded.
The bat hits you but does no damage. x2
Natasha stares at you and mumbles some strange words.
The magic dart hits you! The shadow imp hits you. The bat misses you.
Natasha completely misses you.
You miss Natasha.
Natasha is moderately wounded.
The bat hits you but does no damage. Natasha claws you.
* * * LOW HITPOINT WARNING * * *
The bat closely misses you.
The crimson imp blinks!
Natasha claws you but does no damage.
You sock Natasha!
Natasha is severely wounded.
The bat hits you but does no damage.
The crimson imp shouts, "Away with thee, thou feeble onion-eyed harpy!"
Natasha claws you.
* * * LOW HITPOINT WARNING * * *
The shadow imp gestures at you. Pain shoots through your body!
Ouch! That really hurt!
You die...

#...# #.# #...#
#.#
#...###.######
#...'........# #
#...###...##.#
#.##+#.####.##.#
#......# #.##.#
####+####.#.#
#.##.#
#...5@....#.#
#.##.#
#...h.#####.#
#.##.# #.5.b.#
#.# #<##.#
#.....# #.#
####+# #.....#
... #.....# ##
#.....# #.....#


You could see Natasha, a crimson imp (summoned), a shadow imp (summoned) and a
bat.

Vanquished Creatures
  A worm (D:2)
  A dart slug (D:1)
  2 leopard geckos
  2 bats (D:1)
  A giant cockroach (D:1)
  A hobgoblin (D:1)
  2 kobolds (D:1)
  4 rats (D:1)
14 creatures vanquished.

Notes
Turn   | Place    | Note
-------+----------+-------------------------------------------
     0 | D:1      | dolemite99 the Demonspawn Gladiator began the quest for the
                  | Orb.
     0 | D:1      | Reached XP level 1. HP: 16/16 MP: 1/1
   213 | D:1      | Reached skill level 3 in Staves
   528 | D:1      | Gained mutation: You have a pair of small horns on your
                  | head. [demonic ancestry]
   528 | D:1      | Reached XP level 2. HP: 18/22 MP: 2/2
  1285 | D:2      | Noticed Natasha
  1290 | D:2      | Noticed a crimson imp
  1292 | D:2      | Killed from afar by a shadow imp

Illustrated notes

Levels and vault maps discovered:
D:1:      minmay_arrival_four_loops, layout_loops_ring
D:2:      layout_basic, xom_redecorated, uniq_sigmund, uniq_natasha

Skill      XL: |  1 |
---------------+----+-----
Staves         | 3 |  3.6
Fighting       | |  2.0
Throwing       | |  1.7
Dodging        | |  2.6

Action                   || total
-------------------------++-------
Melee: Quarterstaff      ||    45
       Headbutt          ||     2
Armor: Leather armour    ||    16
       Ring mail         ||     8
Dodge: Dodged            ||    38

Table legend: (Time is in decaauts)
 A = Elapsed time spent in this place.
 B = Non-inter-level travel time spent in this place.
 C = Inter-level travel time spent in this place.
 D = Time resting spent in this place.
 E = Time spent auto-exploring this place.
 F = Levels seen in this place.
 G = Mean time per level.
                   A        B        C        D        E       F      G
               +--------+--------+--------+--------+--------+-----+--------+
         Total |   1300 |   1273 |     27 |    517 |    579 |   2 |  650.0 |
       Dungeon |   1300 |   1273 |     27 |    517 |    579 |   2 |  650.0 |
               +--------+--------+--------+--------+--------+-----+--------+

Top non-repeatable levels by time:
     D:1: 1190 daAuts
     D:2: 110 daAuts
